Map: 环轨星港

Players

平步青云 - Winner!

  • Race: Terran Terran

电脑难度(艰难)

  • Race: Terran Terran

VOD

Have the link to the VOD?

Description

Time

  • Played on: Dec. 29, 2015, 9:09 a.m.
  • Length: 12:56
Show
View Real Time Build Order
Export as new Build Order

平步青云 Terran - Winner!

Build Orders:  

Get SALT Encoding   

  12  0:01  SCV  
  13  0:13  SCV  
  14  0:25  Supply Depot, SCV  
  15  0:47  SCV  
  16  0:51  Refinery  
  16  0:52  Barracks  
  16  0:59  SCV  
  17  1:12  SCV  
  18  1:24  SCV  
  19  1:27  Supply Depot  
  19  1:36  SCV  
  20  1:41  Marine  
  21  1:48  SCV  
  22  1:54  Barracks  
  22  1:58  Marine  
  22  1:59  Refinery  
  22  2:00  SCV  
  24  2:10  Factory  
  24  2:12  SCV  
  25  2:16  Marine  
  26  2:25  SCV  
  27  2:34  Marine  
  28  2:38  SCV, Supply Depot  
  29  2:45  Barracks Tech Lab  
  29  2:57  Starport  
  29  3:07  Command Center  
  29  3:17  Supply Depot  
  29  3:27  Orbital Command  
  29  3:39  Supply Depot  
  29  3:53  Medivac  
  31  3:58  Hellion  
  31  4:01  Barracks Reactor  
  33  4:03  Supply Depot  
  33  4:10  Liberator  
  33  4:12  Concussive Shells  
  33  4:14  Marauder  
  35  4:20  Hellion  
  40  4:37  SCV  
  41  4:40  SCV  
  42  4:49  SCV  
  42  4:52  SCV, Factory Reactor  
  44  4:57  Factory  
  44  5:01  SCV  
  44  5:04  SCV  
  44  5:05  Supply Depot  
  46  5:13  Marauder  
  46  5:14  SCV, Marine  
  49  5:15  Marine  
  49  5:16  SCV  
  52  5:28  SCV  
  52  5:29  Supply Depot  
  52  5:31  Hellion x2  
  57  5:41  SCV  
  46  5:53  Marine x2  
  46  5:56  Marauder  
  48  6:11  Marine  
  46  6:17  Marine x2  
  47  6:26  Hellion x2  
  47  6:28  Factory Tech Lab  
  47  6:29  Marine, Medivac  
  54  6:33  SCV  
  54  6:35  Marauder, Marine  
  54  6:37  Refinery  
  54  6:39  Refinery  
  58  6:41  SCV  
  58  6:45  SCV  
  60  6:49  Hellion  
  60  6:50  Hellion  
  60  6:53  SCV  
  65  6:57  SCV, Marauder  
  65  6:58  Medivac  
  70  7:02  Combat Shields  
  70  7:04  Marine x2  
  70  7:05  SCV  
  73  7:09  SCV  
  73  7:11  Siege Tank  
  77  7:17  SCV  
  77  7:18  Marauder  
  77  7:22  Supply Depot, Marine x2  
  82  7:28  Medivac  
  84  7:31  Hellion  
  84  7:32  Hellion  
  88  7:39  Marine x2  
  88  7:43  Siege Tank  
  93  7:45  Supply Depot  
  93  7:57  Marauder  
  95  8:09  Supply Depot  
  95  8:10  Marine x2  
  99  8:13  Hellion x2  
  99  8:15  Siege Tank, Medivac  
  99  8:19  Marauder  
  108  8:33  Supply Depot  
  108  8:36  Hellion x2  
  108  8:38  Marine x2  
  108  8:40  Marauder  
  116  8:55  Siege Tank  
  119  8:56  Supply Depot  
  119  8:58  Hellion x2  
  123  9:19  Supply Depot  
  119  9:41  Supply Depot  
  116  9:56  Hellion x2, Siege Tank  
  116  9:57  Medivac  
  110  10:27  Medivac  
  106  10:34  Hellion x2  
  109  10:40  Siege Tank  
  88  11:27  Siege Tank  
  88  11:34  Hellion x2  
  88  11:35  Medivac  
  90  12:17  Barracks  
Show
View Real Time Build Order
Export as new Build Order

电脑难度(艰难) Terran 

Build Orders: MMM Bio 

Get SALT Encoding   

  12  0:00  SCV  
  13  0:13  SCV  
  14  0:19  Supply Depot  
  14  0:25  SCV  
  15  0:41  SCV  
  16  0:43  Barracks  
  16  0:49  Refinery  
  16  0:53  SCV  
  17  1:05  SCV  
  18  1:17  SCV  
  19  1:20  Supply Depot  
  19  1:29  SCV, Marine  
  21  1:41  Barracks  
  21  1:42  Orbital Command  
  21  1:48  Barracks Tech Lab, Refinery  
  21  2:06  Supply Depot, Marine  
  22  2:24  Marine  
  22  2:28  Marine  
  24  2:41  Marine  
  25  2:45  Marine  
  25  2:48  Supply Depot  
  26  3:00  Marauder  
  26  3:01  SCV  
  26  3:03  Marine  
  30  3:12  Engineering Bay  
  30  3:13  SCV  
  31  3:21  Marauder  
  31  3:22  Supply Depot  
  31  3:25  SCV  
  34  3:37  SCV  
  35  3:43  Marauder  
  37  3:49  SCV  
  38  4:01  SCV  
  39  4:04  Marauder  
  41  4:25  Marauder  
  43  4:47  Marauder  
  45  4:57  Barracks Tech Lab  
  45  4:58  Stimpack  
  45  4:59  Factory  
  45  5:02  Factory  
  45  5:03  Command Center  
  45  5:04  Supply Depot  
  45  5:08  Reaper  
  45  5:13  Terran Infantry Weapons Level 1  
  46  5:15  Combat Shields, Marine  
  47  5:33  Marine  
  48  5:40  Marine  
  48  5:42  Factory Tech Lab  
  48  5:44  Starport  
  48  5:47  Factory Tech Lab, Starport  
  47  5:51  Marine  
  47  5:52  Ghost Academy  
  44  5:57  Marine  
  42  6:08  Marine  
  41  6:15  SCV  
  41  6:16  Marauder  
  41  6:17  SCV  
  41  6:18  Refinery  
  45  6:21  Starport Tech Lab  
  45  6:23  Starport Tech Lab  
  45  6:24  Refinery  
  45  6:26  Marine  
  45  6:27  SCV  
  45  6:30  SCV  
  48  6:33  Concussive Shells  
  48  6:37  Marine  
  48  6:39  SCV  
  50  6:42  SCV  
  50  6:44  Reaper  
  52  6:51  SCV  
  53  6:54  Raven, Marine  
  53  6:55  SCV  
  57  7:02  Missile Turret  
  57  7:03  SCV  
  57  7:07  SCV, Terran Infantry Armor Level 1  
  59  7:08  Missile Turret  
  59  7:12  Marine  
  59  7:13  Raven  
  59  7:15  SCV, Missile Turret  
  62  7:16  Marine  
  62  7:19  SCV  
  62  7:21  Supply Depot  
  65  7:27  SCV  
  66  7:30  Ghost  
  66  7:31  SCV  
  66  7:32  Bunker  
  66  7:35  Marauder  
  71  7:39  Missile Turret  
  71  7:40  SCV  
  71  7:43  SCV  
  73  7:52  SCV  
  73  7:54  Sensor Tower  
  73  7:55  SCV, Marine  
  76  8:00  Supply Depot  
  76  8:04  SCV  
  76  8:05  Bunker  
  77  8:07  SCV  
  78  8:13  Armory  
  78  8:17  Barracks  
  78  8:44  SCV  
  78  8:53  Medivac x2  
  78  8:54  Marine  
  83  8:56  Marine  
  83  8:59  Factory  
  83  9:02  Supply Depot  
  84  9:03  Command Center, Marine  
  85  9:11  Marine  
  85  9:15  Marauder  
  88  9:23  Raven, Medivac  
  92  9:28  Starport  
  92  9:30  Supply Depot, Marauder  
  93  9:32  Barracks Reactor, Terran Infantry Weapons Level 2  
  89  9:40  Marine  
  89  9:43  Factory Tech Lab  
  90  9:51  Marine  
  91  9:58  Marine  
  74  10:08  Marine  
  66  10:15  Marine  
  63  10:25  Hellion  
  63  10:27  Marauder  
  59  10:33  Marine  
  53  10:37  Armory  
  47  10:45  SCV, Hellion  
  47  10:48  Marine  
  43  10:52  Marauder  
  36  11:02  SCV  
  32  11:05  Marine  
  32  11:09  SCV  
  31  11:12  Marine  
  21  11:29  SCV  
  21  11:30  Marine  
  19  11:44  SCV  
  20  11:48  Marine  
  11  12:17  SCV  
  11  12:29  SCV  
  11  12:41  SCV  
Tags
 
Composition
MMM Bio
Matchup
TvT
Race
Terran
Replay Pack
中心协议 (3)
Add a new tag
Caveats
  • Supply blocks, unpowered buildings, or Contaminate may cause inaccurate times.
  • Supply counts are checked every 10 seconds.